 Dungeon Crawl Stone Soup version 0.19.1-1-g22dce08 (webtiles) character file.

27379 galech the Grappler (level 13, -11/131 HPs)
             Began as a Troll Monk on Dec 30, 2016.
             Was a High Priest of Okawaru.
             Mangled by an ettin
             ... wielding a +0 dire flail
              (29 damage)
             ... on level 1 of the Orcish Mines.
             The game lasted 00:50:30 (13727 turns).

galech the Grappler (Troll Monk)                   Turns: 13727, Time: 00:50:30

Health: -11/131    AC: 15    Str: 26    XL:     13   Next: 4%
Magic:  0/29       EV: 13    Int: 11    God:    Okawaru [*****.]
Gold:   970        SH:  0    Dex: 12    Spells: 0 memorised, 12 levels left

rFire  . . .     SeeInvis .       - Unarmed
rCold  + . .     Gourm    +     J - +1 swamp dragon scales
rNeg   . . .     Faith    .     (no shield)
rPois  +         Spirit   +     A - +3 hat of Pondering {ponderous, MR+ MP+10 Int+5}
rElec  .         Reflect  .     I - +0 cloak (curse)
rCorr  .         Harm     .     (gloves unavailable)
MR     +....                    (boots unavailable)
Stlth  +.........               v - amulet of guardian spirit
                                H - ring of flight
                                z - ring of ice

@: heavily drained, slow
A: unfitting armour, claws 3, fire resistance 1, fast metabolism 3, gourmand,
regeneration 1, shaggy fur 1, tough skin 2
a: Heroism, Finesse, Renounce Religion, Evoke Flight


You were on level 1 of the Orcish Mines.
You worshipped Okawaru.
Okawaru was extremely pleased with you.
You were completely stuffed.

You visited 3 branches of the dungeon, and saw 14 of its levels.
You also visited: Bailey and Ice Cave.

You collected 2258 gold pieces.
You spent 1288 gold pieces at shops.

Inventory:

Hand Weapons
 C - the +10 war axe of the Pyrrhic Victory {pain, rC+ Dex+4}
   (You found it on level 5 of the Dungeon)

   In the hands of one skilled in necromantic magic, it inflicts extra damage on
   living creatures.
   It affects your dexterity (+4).
   It protects you from cold.
 N - the +11 giant club of Jiezxo {crush, +Fly rF- rC+}
   (Okawaru gifted it to you on level 9 of the Dungeon)

   It inflicts extra damage upon your enemies.
   It makes you vulnerable to fire.
   It protects you from cold.
   It lets you fly.
Armour
 k - the +2 robe of Okawaru's Supremacy {rC+ rCorr Dex-3}
   (Okawaru gifted it to you on level 11 of the Dungeon)

   It affects your dexterity (-3).
   It protects you from cold.
   It protects you from acid and corrosion.
 x - a +2 robe
 A - the +3 hat of Pondering (worn) {ponderous, MR+ MP+10 Int+5}
   (You found it on level 5 of the Dungeon)

   It affects your intelligence (+5).
   It affects your resistance to hostile enchantments.
   It affects your magic capacity (+10).
 B - the +0 robe "Cuwueh" {+Blink rCorr}
   (You found it on level 5 of the Dungeon)

   It lets you blink.
   It protects you from acid and corrosion.
 I - a cursed +0 cloak (worn)
 J - +1 swamp dragon scales (worn)
 Q - a +1 crystal plate armour of cold resistance
 S - a +2 troll leather armour
Jewellery
 v - an amulet of guardian spirit (around neck)
 z - a ring of ice (left claw)
 H - a ring of flight (right claw)
Wands
 a - a wand of heal wounds (0/9)
 j - a wand of iceblast (6/15)
Scrolls
 c - 8 scrolls of remove curse
 e - 8 scrolls of enchant weapon
 i - 3 scrolls of recharging {unknown}
 n - 3 scrolls of immolation {unknown}
 o - 4 scrolls of fear
 u - a scroll of vulnerability {unknown}
 y - 4 scrolls of blinking
 O - a scroll of brand weapon
 P - a scroll of holy word {unknown}
 R - a scroll of random uselessness
 U - a scroll of torment
Potions
 d - a potion of beneficial mutation {unknown}
 f - a potion of invisibility {unknown}
 g - 5 potions of curing {unknown}
 l - 2 potions of degeneration {unknown}
 m - 4 potions of lignification {unknown}
 p - 4 potions of heal wounds {unknown}
 r - a potion of magic {unknown}
 w - 2 potions of brilliance {unknown}
 K - a potion of haste {unknown}
 L - a potion of cure mutation {unknown}
 M - 2 potions of flight {unknown}
 T - a potion of mutation {unknown}
Comestibles
 b - 11 bread rations
 s - 10 slices of pizza
 t - 4 meat rations
 E - 2 royal jellies
 G - 12 fruits
 W - 2 beef jerkies


   Skills:
 + Level 9.6(8.1) Fighting
 + Level 10.1(8.6) Dodging
 - Level 1.0(0.0) Stealth
 + Level 11.5(9.9) Unarmed Combat
 + Level 10.1(8.6) Invocations


You had 12 spell levels left.
You didn't know any spells.

Dungeon Overview and Level Annotations

Branches:
Dungeon (11/15)            Temple (0/1) D:4            Lair (1/6) D:9
    Orc (2/2) D:11
    Elf: Orc:2

Altars:
Ashenzari
Makhleb
Okawaru
Qazlal
Ru
Sif Muna
Trog
Vehumet
Xom
Beogh

Shops:
D:9 (   D:10 [=!:   Orc:2 :*[


Innate Abilities, Weirdness & Mutations

You are too large for most types of armour.
You have claws for hands.
Your metabolism is lightning-fast.
You like to eat raw meat.
Your natural rate of healing is unusually fast.
You are covered in fur. (AC +1)
You have very tough skin. (AC +2)
Your flesh is heat resistant. (rF+)


Message History

You kill the troll!
Okawaru accepts your kill.
You start resting.
Eating a chunk of flesh.
You start eating the chunk of flesh.
This raw flesh tastes great.
Your claws slow down.
You start resting.
You feel like a meek peon again.
You start resting.
The orc warrior shouts!
The orc warrior shouts!
The orc warrior hits you with a short sword!
The orc warrior hits you with a short sword.
The orc warrior hits you with a short sword!
* * * LOW HITPOINT WARNING * * *
The orc warrior barely misses you. x2
The ettin hits you with a dire flail!!
* * * LOW HITPOINT WARNING * * *
The ettin hits you with a dire flail of draining!!
You die...

#.......................#.#
##.........................
##.....#...................
#..........................
##.....#.....))............
#....#......)>[.........#.
##..........[.......[C[.##
#......o..........[[<>oo##
##..#..o.@.........[[[[...
##.##...C...........).....
#........#................
##........................
#................#.......
###......#.#..............
##.......).#......#........
#......#..##.......#.#....#
##........###.##....##..#.#


You could see an ettin and 2 orc warriors.

Vanquished Creatures
  Gastronok (D:9)
  A stone giant (Orc:1)
  Snorg (Orc:1)
  Josephine (D:11)
  Harold (Orc:1)
  Erica (D:8)
  2 orc high priests
  2 hill giants
  An orc knight (Bailey)
  The ghost of Cyber the Skirmisher, a novice GrGl (D:5)
  A black mamba (Lair:1)
  Maurice (D:11)
  2 ice statues (IceCv)
  A gargoyle (D:11)
  2 rime drakes (Lair:1)
  3 kobold demonologists (D:11)
  9 ice devils (IceCv)
  5 trolls
  2 hornets
  Prince Ribbit (D:8)
  4 wraiths
  Sigmund (D:4)
  A wyvern (Lair:1)
  6 yaks
  A hungry ghost (D:9)
  A human (D:8)
  Eustachio (D:5)
  A steam dragon (D:11)
  Menkaure (D:4)
  4 wargs (Orc:1)
  The ghost of Cyber the Cudgeler, an amateur GrGl (D:4)
  4 water moccasins
  5 ice beasts
  2 porcupines (Lair:1)
  25 orc warriors
  Duvessa (D:6)
  A hornet zombie (D:6)
  3 black bears (D:6)
  3 phantoms
  A necrophage (D:11)
  A sky beast (D:9)
  9 ogres
  8 centaurs
  3 crocodiles (Lair:1)
  4 big kobolds
  7 bullfrogs
  Dowan (D:6)
  A wyvern skeleton (D:10)
  2 scorpions (D:10)
  6 killer bees
  5 wights
  2 howler monkeys (D:9)
  2 electric eels (D:9)
  5 crimson imps
  A centaur zombie (D:7)
  2 bullfrog skeletons
  2 jellies
  14 orc wizards
  7 hounds
  10 orc priests
  Jessica (D:2)
  2 iguanas
  6 worker ants
  Robin (D:4)
  3 gnolls (Bailey)
  3 worker ant zombies
  A howler monkey skeleton (D:5)
  13 adders
  7 white imps (IceCv)
  9 ufetubi (IceCv)
  2 adder zombies
  An adder skeleton (D:2)
  A worm (D:3)
  5 dart slugs
  6 leopard geckos
  64 orcs
  A bat skeleton (D:2)
  A bat zombie (D:2)
  3 giant cockroaches
  16 goblins
  7 hobgoblins
  20 jackals
  A quokka (D:5)
  5 bats
  4 frilled lizards
  A giant cockroach zombie (D:2)
  2 jackal skeletons
  39 kobolds
  3 rats
426 creatures vanquished.

Vanquished Creatures (others)
  A reaper (IceCv)
  2 white imps (IceCv)
  2 ufetubi (IceCv)
  An orc (Orc:1)
  5 fungi (Orc:2)
11 creatures vanquished.

Grand Total: 437 creatures vanquished

Notes
Turn   | Place    | Note
-------+----------+-------------------------------------------
     0 | D:1      | galech the Troll Monk began the quest for the Orb.
     0 | D:1      | Reached XP level 1. HP: 22/22 MP: 0/0
   206 | D:1      | Reached XP level 2. HP: 28/29 MP: 1/1
   817 | D:2      | Found a sacrificial altar of Ru.
   821 | D:2      | Reached XP level 3. HP: 36/36 MP: 2/2
   870 | D:2      | Noticed Jessica
   878 | D:2      | Killed Jessica
   878 | D:2      | Reached XP level 4. HP: 31/44 MP: 3/3
   949 | D:2      | Reached skill level 4 in Unarmed Combat
  1076 | D:2      | Found an iron altar of Okawaru.
  1076 | D:2      | Found a shattered altar of Ashenzari.
  1076 | D:2      | Found a stormy altar of Qazlal.
  1080 | D:2      | Found a radiant altar of Vehumet.
  1089 | D:2      | Became a worshipper of Warmaster Okawaru
  1089 | D:2      | Reached * piety under Okawaru
  1089 | D:2      | Reached ** piety under Okawaru
  1488 | D:3      | Reached XP level 5. HP: 51/53 MP: 4/4
  1490 | D:3      | Reached skill level 1 in Invocations
  1589 | D:3      | Found a faded altar of an unknown god.
  1937 | D:4      | Noticed Robin
  1968 | D:4      | Killed Robin
  2129 | D:4      | Noticed Menkaure
  2139 | D:4      | Killed Menkaure
  2139 | D:4      | Reached XP level 6. HP: 35/61 MP: 6/6
  2183 | D:4      | Noticed Cyber's ghost (amateur GrGl)
  2196 | D:4      | Killed Cyber's ghost
  2196 | D:4      | Reached *** piety under Okawaru
  2222 | D:4      | Found a staircase to the Ecumenical Temple.
  2518 | D:4      | Reached XP level 7. HP: 68/68 MP: 7/7
  2646 | D:4      | Reached skill level 5 in Unarmed Combat
  2746 | D:4      | Noticed Sigmund
  2770 | D:4      | Killed Sigmund
  2976 | D:5      | Entered Level 5 of the Dungeon
  3005 | D:5      | Noticed Eustachio
  3022 | D:5      | Killed Eustachio
  3022 | D:5      | Reached **** piety under Okawaru
  3022 | D:5      | Reached XP level 8. HP: 74/79 MP: 9/9
  3139 | D:5      | Noticed Cyber's ghost (novice GrGl)
  3158 | D:5      | Killed Cyber's ghost
  3158 | D:5      | Reached skill level 5 in Dodging
  3158 | D:5      | Reached skill level 6 in Unarmed Combat
  3194 | D:5      | Got a creamy pearl robe
  3205 | D:5      | Identified the +0 robe "Cuwueh" {+Blink rCorr} (You found it on level 5 of the Dungeon)
  3218 | D:5      | Got a transparent war axe
  3219 | D:5      | Identified the +10 war axe of the Pyrrhic Victory {pain, rC+ Dex+4} (You found it on level 5 of the Dungeon)
  3316 | D:5      | Reached skill level 5 in Fighting
  3553 | D:6      | Found a bloodstained altar of Trog.
  3767 | D:6      | Noticed Duvessa
  3767 | D:6      | Noticed Dowan
  3772 | D:6      | Killed Duvessa
  3781 | D:6      | Killed Dowan
  3781 | D:6      | Reached ***** piety under Okawaru
  3828 | D:6      | Reached XP level 9. HP: 81/88 MP: 11/11
  4004 | D:6      | Reached skill level 5 in Invocations
  4153 | D:6      | Reached skill level 7 in Unarmed Combat
  4806 | D:7      | Found a deep blue altar of Sif Muna.
  4828 | D:7      | Found a burning altar of Makhleb.
  5168 | D:8      | Found a burning altar of Makhleb.
  5189 | D:8      | Noticed Prince Ribbit
  5190 | D:8      | Noticed Erica
  5276 | D:8      | Noticed a hill giant
  5288 | D:8      | Killed a hill giant
  5288 | D:8      | Reached XP level 10. HP: 45/100 MP: 9/13
  5560 | D:8      | Killed Erica
  5560 | D:8      | Reached skill level 8 in Unarmed Combat
  5576 | D:8      | Killed Prince Ribbit
  5784 | D:8      | Found a faded altar of an unknown god.
  5784 | D:8      | Found a shimmering altar of Xom.
  5789 | D:8      | Found a faded altar of an unknown god.
  5791 | D:8      | Found a faded altar of an unknown god.
  5792 | D:8      | Found a faded altar of an unknown god.
  6342 | D:9      | Received a gift from Okawaru
  6402 | D:9      | Got an encrusted giant club {god gift}
  6403 | D:9      | Identified the +11 giant club of Jiezxo {crush, +Fly rF- rC+} (Okawaru gifted it to you on level 9 of the Dungeon)
  6565 | D:9      | Found Gompod's Weapon Shoppe.
  6790 | D:9      | Noticed Gastronok
  6804 | D:9      | Killed Gastronok
  6804 | D:9      | Reached ****** piety under Okawaru
  6804 | D:9      | Received a gift from Okawaru
  6804 | D:9      | Reached skill level 9 in Unarmed Combat
  6804 | D:9      | Reached XP level 11. HP: 110/110 MP: 15/15
  6839 | D:9      | Found a staircase to the Lair.
  7061 | Lair:1   | Entered Level 1 of the Lair of Beasts
  7173 | Lair:1   | Found a frozen archway.
  7194 | IceCv    | Entered an ice cave
  7339 | IceCv    | Killed a reaper
  8342 | Lair:1   | Reached skill level 10 in Unarmed Combat
  8422 | Lair:1   | Noticed an eight-headed hydra
  8478 | D:10     | Entered Level 10 of the Dungeon
  8609 | D:10     | Found Daytrif's Antique Armour Shop.
  8665 | D:10     | Found Uruw's Book Boutique.
  8890 | D:10     | Found Tolucat's Distillery.
  8902 | D:10     | Found Vidoty's Jewellery Boutique.
  9236 | D:11     | Noticed a hill giant
  9247 | D:11     | Killed a hill giant
  9305 | D:11     | Found a flagged portal.
  9313 | D:11     | Found a staircase to the Orcish Mines.
  9315 | Bailey   | Entered a bailey
  9336 | Bailey   | Noticed an orc knight
  9358 | Bailey   | Killed an orc knight
  9358 | Bailey   | Reached XP level 12. HP: 62/122 MP: 8/17
 10216 | D:11     | Received a gift from Okawaru
 10257 | D:11     | Got a faintly humming robe {god gift}
 10268 | D:11     | Identified the +2 robe of Okawaru's Supremacy {rC+ rCorr Dex-3} (Okawaru gifted it to you on level 11 of the Dungeon)
 10329 | Orc:1    | Entered Level 1 of the Orcish Mines
 10344 | Orc:1    | Noticed Maurice
 10607 | D:11     | Killed Maurice
 10916 | D:10     | Bought glowing swamp dragon scales for 1288 gold pieces
 11114 | Orc:1    | Noticed Josephine
 11154 | D:11     | Killed Josephine
 12706 | D:11     | Reached skill level 11 in Unarmed Combat
 12884 | Orc:1    | Noticed Snorg
 12891 | Orc:1    | Killed Snorg
 12895 | Orc:1    | Noticed a stone giant
 12895 | Orc:1    | Found a roughly hewn altar of Beogh.
 12907 | Orc:1    | Killed a stone giant
 13018 | Orc:1    | Noticed Harold
 13035 | Orc:1    | Killed Harold
 13035 | Orc:1    | Reached skill level 10 in Invocations
 13208 | Orc:2    | Entered Level 2 of the Orcish Mines
 13208 | Orc:2    | Found Seumoleu's Book Shoppe.
 13208 | Orc:2    | Found Xadottam's Antique Armour Shop.
 13208 | Orc:2    | Noticed an orc warlord
 13208 | Orc:2    | Noticed an orc high priest
 13208 | Orc:2    | Noticed an orc high priest
 13335 | Orc:2    | Found Cosix's General Store.
 13335 | Orc:2    | Noticed an orc high priest
 13342 | Orc:2    | Gained mutation: Your flesh is heat resistant. (rF+) [a neqoxec]
 13349 | Orc:1    | Killed an orc high priest
 13359 | Orc:1    | Reached skill level 10 in Dodging
 13453 | Orc:2    | Paralysed by a chaos spawn for 3 turns
 13458 | Orc:2    | Killed an orc high priest
 13525 | Orc:2    | Reached XP level 13. HP: 97/131 MP: 19/19
 13628 | Orc:2    | Noticed an ettin
 13727 | Orc:1    | Mangled by an ettin

Skill      XL: |  1  2  3  4  5  6  7  8  9 10 11 12 |
---------------+-------------------------------------+-----
Unarmed Combat | 4 5 6 7 9 10 11 | 11.5
Fighting       | 3 4 5 6 7 8 9 |  9.6
Dodging        | 3 4 5 6 8 9 10 | 10.1
Invocations    | 2 3 4 6 7 9 10 | 10.1
Stealth        | |  1.0

Action                   |  1- 3 |  4- 6 |  7- 9 | 10-12 | 13-15 || total
-------------------------+-------+-------+-------+-------+-------++-------
Melee: Unarmed           |    55 |   158 |   300 |   921 |    25 ||  1459
       Punch             |     1 |     3 |     9 |    47 |     2 ||    62
Invok: Heroism           |       |     1 |     4 |    10 |     1 ||    16
       Finesse           |       |       |     1 |     9 |     1 ||    11
 Abil: Evoke Flight      |       |       |       |     1 |       ||     1
Evoke: Wand              |       |       |       |     1 |       ||     1
  Use: Scroll            |       |       |       |    14 |     2 ||    16
 Stab: Sleeping          |     1 |     1 |     4 |     2 |       ||     8
       Distracted        |     1 |       |       |       |       ||     1
  Eat: Chunk             |    13 |    13 |    26 |    89 |     2 ||   143
       Beef jerky        |       |       |       |     2 |       ||     2
Armor: Robe              |    26 |    47 |   104 |    24 |       ||   201
       Skin              |       |       |     1 |       |       ||     1
       Troll leather arm |       |       |       |   235 |       ||   235
       Swamp dragon scal |       |       |       |    99 |    19 ||   118
Dodge: Dodged            |    33 |    94 |   254 |   685 |    31 ||  1097
